 Dungeon Crawl Stone Soup version 0.31-a0-313-g785cd24033 (webtiles) character file.

Game seed: 12868413721396415287

58 Hexicom the Chiller (level 3, 29/29 HPs)
             Began as a Draconian Ice Elementalist on June 10, 2023.
             Quit the game on level 3 of the Dungeon on Dec 30, 2023.
             The game lasted 00:13:23 (2343 turns).

Hexicom the Chiller (Draconian Ice Elementalist)    Turns: 2343, Time: 00:13:24

Health: 29/29      AC:  5    Str: 10    XL:     3   Next: 75%
Magic:  7/7        EV: 12    Int: 17    God:
Gold:   91         SH:  0    Dex: 11    Spells: 7/8 levels left

rFire   . . .        b - +0 short sword (protect)
rCold   . . .        (no shield)
rNeg    . . .        (body armour unavailable)
rPois   .            (helmet restricted)
rElec   .            (no cloak)
rCorr   .            (no gloves)
SInv    .            (no boots)
Will    .....        (no amulet)
Stlth   ++           (no ring)
HPRegen 0.24/turn    (no ring)
MPRegen 0.10/turn

%: no passive effects
@: no status effects
A: AC +5, unfitting armour, cold-blooded
a: no special abilities


You were on level 3 of the Dungeon.
You visited 1 branch of the dungeon, and saw 3 of its levels.

You collected 91 gold pieces.

Inventory:

Hand Weapons
 b - a +0 short sword of protection (weapon)
Missiles
 c - 18 stones
 e - 5 boomerangs (quivered)
Wands
 m - a wand of flame (28)
Scrolls
 f - a scroll of teleportation {unknown}
 g - a scroll of brand weapon {unknown}
 i - a scroll of enchant armour {Pop}
 k - a scroll of fog {unknown}
 l - a scroll of revelation {unknown}
 n - a scroll of identify
Potions
 a - a potion of magic
 d - a potion of brilliance {unknown}
 h - a potion of mutation {unknown}
 j - a potion of attraction


   Skills:
 + Level 1.6 Fighting
 - Level 1.7 Dodging
 - Level 1.7 Stealth
 * Level 3.1 Spellcasting
 + Level 4.3 Ice Magic


You had 7 spell levels left.
You knew the following spells:

 Your Spells              Type           Power      Damage    Failure   Level
a - Freeze                Ice            68%        1d8       3%          1

Your spell library contained the following spells:

 Spells                   Type           Power      Damage    Failure   Level
 Frozen Ramparts          Ice            34%        1d6       9%          3
 Ozocubu's Armour         Ice            17%        N/A       9%          3
 Lesser Beckoning         Tloc           4%         N/A       26%         2
 Gell's Gravitas          Tloc           2%         N/A       45%         3
 Teleport Other           Tloc           2%         N/A       45%         3
 Summon Ice Beast         Ice/Summ       10%        N/A       56%         4


Dungeon Overview and Level Annotations

Branches:
Dungeon (3/15)

Altars:
Sif Muna

Annotations:
D:2 Sigmund


Innate Abilities, Weirdness & Mutations

Your plain brown scales are hard. (AC +5)
You cannot fit into any form of body armour.
You are cold-blooded and may be slowed by cold attacks.


Message History

Your weapon exudes an aura of protection.
Your tail-slap misses the hobgoblin.
The hobgoblin is lightly wounded.
The hobgoblin barely misses you.
You hit the hobgoblin.
You kill the hobgoblin!
Okay, then.
Okay, then.
Found a war axe.
Okay, then.
You see here a +0 war axe.
Welcome back, Hexicom the Draconian Ice Elementalist.
Press ? for a list of commands and other information.
Unknown command.
Unknown command.
Unknown command.
Unknown command.
Unknown command.
Clearing monster memory.
Clearing monster memory.
Casting: Freeze (safe; 3% risk of failure)
Confirm with . or Enter, or press ? or * to list all spells.
You don't know that spell.
Casting: Freeze (safe; 3% risk of failure)
Confirm with . or Enter, or press ? or * to list all spells.
Okay, then.
Okay, then.
Unknown command.
You see here a frilled lizard skeleton.
You start waiting.
Done waiting.
Things that are here:
3 poisoned darts; a +0 club You open the door.
There is an open door here.
Unknown command.
Are you sure you want to abandon this character and quit the game? (Confirm with "yes".)

#####...##.##....8...###...8.....
#.........#.#.##.............#
.........###...###....<....###
#.........#.###..###.....###
###......#.## #....##.8.## #
#.#....### ##.###.....### #
#.#....#########....<....# #
#.#....##....#.............# #
#.##.#.##)##.'@8...###...8... #
#............#..^### ##...#. #
########..#.###+## #.## #####
##...(......# .# ....#
#.#....#.###.# .
....#####..##.#.#
#..........##.#.#
#.#.######......#
....#########.###


There were no monsters in sight!

Vanquished Creatures
  An adder (D:3)
  A worm (D:3)
  A dart slug (D:3)
  An orc (D:3)
  5 ball pythons
  4 endoplasms
  A giant cockroach (D:1)
  2 goblins
  4 hobgoblins
  5 kobolds
  3 quokkas
  5 bats
  2 frilled lizards (D:3)
  2 rats (D:1)
37 creatures vanquished.

Notes
Turn   | Place    | Note
-------+----------+-------------------------------------------
     0 | D:1      | Hexicom the Draconian Ice Elementalist began the quest for
                  | the Orb.
     0 | D:1      | Reached XP level 1. HP: 14/14 MP: 3/3
    54 | D:1      | Found a faded altar of an unknown god.
   245 | D:1      | Reached XP level 2. HP: 21/22 MP: 1/5
   743 | D:1      | Reached skill level 1 in Fighting
  1227 | D:2      | Found a shimmering blue altar of Sif Muna.
  1239 | D:2      | Noticed Sigmund
  1482 | D:3      | Reached XP level 3. HP: 28/28 MP: 7/7
  2166 | D:3      | Upgraded the game from 0.31-a0-152-g6aa68a64a1 to
                  | 0.31-a0-313-g785cd24033
  2343 | D:3      | Quit the game

Illustrated notes

Levels and vault maps discovered:
D:1:      dpeg_arrival_tiny_i, layout_basic, shapermc_ecumenical_altar_venn
D:2:      layout_basic, basic_altar, hangedman_feature_mirror, kennysheep_nub,
          uniq_terence, uniq_jessica, uniq_sigmund
D:3:      layout_loops_cross, grunt_ministairs_13

Skill      XL: |  1  2  3 |
---------------+----------+-----
Fighting       | 1 |  1.6
Spellcasting   | 3 |  3.1
Dodging        | |  1.7
Stealth        | |  1.7
Ice Magic      | |  4.3

Action                     || total
---------------------------++-------
  Melee: Club              ||    37
         Tailslap          ||    17
         Unarmed           ||     5
         Short sword       ||    70
  Throw: Boomerang         ||    10
   Cast: Freeze            ||    28
    Use: Scroll            ||     4
   Stab: Sleeping          ||     5
 Armour: Skin              ||    53
  Dodge: Dodged            ||   127

Table legend: (Time is in decaauts)
 A = Elapsed time spent in this place.
 B = Non-inter-level travel time spent in this place.
 C = Inter-level travel time spent in this place.
 D = Time resting spent in this place.
 E = Time spent auto-exploring this place.
 F = Levels seen in this place.
 G = Mean time per level.
                   A        B        C        D        E       F      G
               +--------+--------+--------+--------+--------+-----+--------+
         Total |   2356 |   2264 |     92 |    849 |    734 |   3 |  785.3 |
       Dungeon |   2356 |   2264 |     92 |    849 |    734 |   3 |  785.3 |
               +--------+--------+--------+--------+--------+-----+--------+

Top non-repeatable levels by time:
     D:1: 1123 daAuts
     D:3: 1092 daAuts
     D:2: 141 daAuts
